 Dungeon Crawl Stone Soup version 0.29-a0-486-ga88943ba61 (webtiles) character file.

Game seed: 9772377599012168631

22 Morbidden the Stinger (level 2, -1/26 HPs)
             Began as an Ogre Venom Mage on May 26, 2022.
             Was a Follower of Makhleb.
             Slain by a jackal (2 damage)
             ... on level 1 of the Dungeon.
             The game lasted 00:00:44 (928 turns).

Morbidden the Stinger (Ogre Venom Mage)              Turns: 928, Time: 00:00:45

Health: -1/26      AC:  3    Str: 11    XL:     2   Next: 91%
Magic:  5/5        EV:  9    Int: 16    God:    Makhleb [*.....]
Gold:   41         SH:  0    Dex:  9    Spells: 5/6 levels left

rFire   . . .      SeeInvis .   (no weapon)
rCold   . . .      Faith    .   (no shield)
rNeg    . . .      Spirit   .   a - +0 robe
rPois   .          Reflect  .   (helmet restricted)
rElec   .          Harm     .   (no cloak)
rCorr   .          Rampage  .   (gloves unavailable)
Will    .....                   (boots unavailable)
Stlth   +.........              (no amulet)
HPRegen 0.08/turn               (no ring)
MPRegen 0.09/turn               (no ring)

@: no status effects
A: large, unfitting armour, tough skin 1
a: Renounce Religion


You were on level 1 of the Dungeon.
You worshipped Makhleb.
Makhleb was aware of your devotion.
You visited 1 branch of the dungeon, and saw 1 of its levels.

You collected 41 gold pieces.

Inventory:

Armour
 a - a +0 robe (worn)
Scrolls
 e - a scroll of teleportation {unknown}
 f - a scroll of magic mapping {unknown}
Potions
 b - a potion of magic
 c - a potion of berserk rage {unknown}
 d - a potion of degeneration {unknown}
 g - a potion of curing {unknown}


   Skills:
 * Level 0.9 Fighting
 * Level 1.7 Dodging
 + Level 1.4 Stealth
 * Level 2.9 Spellcasting
 * Level 1.1 Transmutations
 * Level 3.1 Poison Magic


You had 5 spell levels left.
You knew the following spells:

 Your Spells              Type           Power      Damage    Failure   Level
a - Sting                 Tmut/Pois      36%        1d4       8%          1

Your spell library contained the following spells:

 Spells                   Type           Power      Damage    Failure   Level
 Poisonous Vapours        Pois/Air       14%        N/A       16%         2
 Mephitic Cloud           Conj/Pois/Air  5%         N/A       36%         3
 Olgreb's Toxic Radiance  Pois           12%        N/A       45%         4


Dungeon Overview and Level Annotations

Branches:
Dungeon (1/15)

Altars:
Makhleb


Innate Abilities, Weirdness & Mutations

You are too large for most types of armour.
You have tough skin. (AC +1)


Message History

You kill the jackal!
Makhleb accepts your kill.
You closely miss the ball python. The ball python bites you.
* * * LOW HITPOINT WARNING * * *
The ball python closely misses you.
You closely miss the ball python. The ball python completely misses you.
You hit the ball python but do no damage.
The ball python barely misses you.
You hit the ball python but do no damage.
The ball python bites you.
* * * LOW HITPOINT WARNING * * *
You hit the ball python.
You kill the ball python!
Makhleb accepts your kill.
You hit the jackal.
The jackal is heavily wounded.
The jackal bites you.
* * * LOW HITPOINT WARNING * * *
You miss the jackal.
The jackal is heavily wounded.
The jackal pauses to sniff the ground.
The jackal completely misses you.
The jackal bites you but does no damage.
You hit the jackal but do no damage.
The jackal is heavily wounded.
The jackal bites you but does no damage.
You closely miss the jackal.
The jackal is heavily wounded.
The jackal closely misses you. The jackal barely misses you.
You closely miss the jackal.
The jackal is heavily wounded.
The jackal bites you.
* * * LOW HITPOINT WARNING * * *
You closely miss the jackal.
The jackal is heavily wounded.
The jackal barely misses you.
You hit the jackal but do no damage.
The jackal is heavily wounded.
The jackal bites you.
You die...

### ..∩.....♣..8....
.... ................
.... ....(........$..
.... ##8..8.._..∩..∩.
.### #.....##.####!..
.# .........# .. .# #
#####+##.# . .# .# #h#
.####.#........#@#
......#........#.######
#.#...#........#......#
....#.#........#......#
#.###.#........#......#
....#.#........#......#
###.#.#........#......#
#.#.##'#######......#
#...................#


You could see a jackal.

Vanquished Creatures
  2 dart slugs (D:1)
  3 ball pythons (D:1)
  An endoplasm (D:1)
  3 giant cockroaches (D:1)
  3 jackals (D:1)
  A bat (D:1)
  A frilled lizard (D:1)
  A kobold (D:1)
  A rat (D:1)
16 creatures vanquished.

Notes
Turn   | Place    | Note
-------+----------+-------------------------------------------
     0 | D:1      | Morbidden the Ogre Venom Mage began the quest for the Orb.
     0 | D:1      | Reached XP level 1. HP: 16/16 MP: 3/3
   144 | D:1      | Reached skill level 1 in Transmutations
   493 | D:1      | Reached skill level 3 in Poison Magic
   499 | D:1      | Reached XP level 2. HP: 24/24 MP: 1/5
   876 | D:1      | Found a faded altar of an unknown god.
   884 | D:1      | Prayed at the altar of an unknown god.
   884 | D:1      | Became a worshipper of Makhleb the Destroyer
   884 | D:1      | Reached * piety under Makhleb
   926 | D:1      | HP: 1/26 [jackal (3)]
   928 | D:1      | Slain by a jackal

Illustrated notes

Levels and vault maps discovered:
D:1:      lemuel_arrival_rhombus, layout_basic,
          hellmonk_ecumenical_altar_arch_garden, minivault_25,
          minmay_worlds_worst_comb

Skill      XL: |  1 |
---------------+----+-----
Transmutations | 1 |  1.1
Poison Magic   | 3 |  3.1
Fighting       | |  0.9
Dodging        | |  1.7
Stealth        | |  1.4
Spellcasting   | |  2.9

Action                   || total
-------------------------++-------
Melee: Unarmed           ||    49
       Punch             ||     1
 Cast: Sting             ||    22
Armor: Robe              ||    28
Dodge: Dodged            ||    31

Table legend: (Time is in decaauts)
 A = Elapsed time spent in this place.
 B = Non-inter-level travel time spent in this place.
 C = Inter-level travel time spent in this place.
 D = Time resting spent in this place.
 E = Time spent auto-exploring this place.
 F = Levels seen in this place.
 G = Mean time per level.
                   A        B        C        D        E       F      G
               +--------+--------+--------+--------+--------+-----+--------+
         Total |    928 |    928 |      0 |    212 |    577 |   1 |  928.0 |
       Dungeon |    928 |    928 |      0 |    212 |    577 |   1 |  928.0 |
               +--------+--------+--------+--------+--------+-----+--------+

Top non-repeatable levels by time:
     D:1: 928 daAuts
